 Dungeon Crawl Stone Soup version 0.28.0-45-g0d030f2227 (webtiles) character file.

Game seed: 18008954094031767129

79 pkoi the Conjurer (level 3, -5/26 HPs)
             Began as a Demigod Conjurer on Apr 18, 2022.
             Slain by Ijyb
             ... wielding a +2 dagger of freezing
              (7 damage)
             ... on level 3 of the Dungeon.
             The game lasted 00:02:43 (1795 turns).

pkoi the Conjurer (Demigod Conjurer)                Turns: 1795, Time: 00:02:44

Health: -5/26      AC:  4    Str:  8    XL:     3   Next: 97%
Magic:  17/17      EV: 12    Int: 24    God:
Gold:   109        SH:  0    Dex: 12    Spells: 4/5 levels left

rFire   . . .      SeeInvis +   b - +3 sling "Punk" {acid, rCorr}
rCold   . . .      Faith    .   (no shield)
rNeg    . . .      Spirit   .   a - +0 robe
rPois   .          Reflect  .   (no helmet)
rElec   .          Harm     .   (no cloak)
rCorr   +          Rampage  .   c - +1 pair of gloves
Will    .....                   (no boots)
Stlth   ++........              (no amulet)
HPRegen 0.08/turn               o - ring of magical power
MPRegen 0.15/turn               n - ring of see invisible

@: no status effects
A: high MP 1, forlorn, divine attributes
a: no special abilities


You were on level 3 of the Dungeon.
You visited 1 branch of the dungeon, and saw 3 of its levels.

You collected 109 gold pieces.

Inventory:

Hand Weapons
 b - the +3 sling "Punk" (weapon) {acid, rCorr}
   (You acquired it on level 1 of the Dungeon)

   Any ammunition fired from it is coated in acid, damaging and corroding those
   it strikes.
   rCorr:     It protects you from acid and corrosion.
 d - a +0 club
 f - a +0 whip
 q - a +2 whip of venom
Missiles
 i - 21 stones (quivered ammo)
Armour
 a - a +0 robe (worn)
 c - a +1 pair of gloves (worn)
Jewellery
 n - a ring of see invisible (right hand)
 o - a ring of magical power (left hand)
 r - a ring of protection from cold
Scrolls
 e - a scroll of magic mapping {unknown}
 h - a scroll of identify {unknown}
 j - a scroll of immolation {unknown}
 t - a scroll of brand weapon {unknown}
 u - a scroll of amnesia {unknown}
Potions
 g - a potion of brilliance {unknown}
 k - a potion of attraction {unknown}
 l - a potion of flight {unknown}
 m - 2 potions of might {unknown}
 p - a potion of invisibility {unknown}
 s - a potion of magic {unknown}


   Skills:
 + Level 1.4 Slings
 - Level 1.7 Dodging
 - Level 1.7 Stealth
 - Level 1.7 Spellcasting
 * Level 4.9 Conjurations


You had 4 spell levels left.
You knew the following spells:

 Your Spells              Type           Power      Damage    Failure   Level
a - Magic Dart            Conj           100%       1d8       1%          1

Your spell library contained the following spells:

 Spells                   Type           Power      Damage    Failure   Level
 Searing Ray              Conj           50%        2d6       2%          2
 Dazzling Flash           Conj/Hex       26%        N/A       14%         3
 Fulminant Prism          Conj/Hex       6%         3d7       41%         4
 Iskenderun's Mystic Bla  Conj/Tloc      13%        2d5       41%         4


Dungeon Overview and Level Annotations

Branches:
Dungeon (3/15)

Annotations:
D:3 Ijyb


Innate Abilities, Weirdness & Mutations

You have an increased reservoir of magic. (+10% MP)
You shall have no god before yourself.
Your divine heritage dramatically boosts your attributes as you level up.


Message History

Ijyb closely misses you.
You bump into the rock wall.
Ijyb closely misses you. Ijyb barely misses you.
You're too confused to move!
Ijyb barely misses you.
Ijyb hits you with a +2 dagger of freezing.
* * * LOW HITPOINT WARNING * * *
Ijyb freezes you.
* * * LOW HITPOINT WARNING * * *
You feel less confused.
Fire: 25 stones
Press: ? - help, Q - select action, (/) - cycle Shift-Dir - straight line, f - Ijyb
Aim: Ijyb, wielding a +2 dagger of freezing and wearing a +3 leather armour of willpower (lightly wounded, 47% to hit)
You shoot a stone. The stone hits Ijyb but does no damage.
Ijyb is splashed with acid.
Ijyb is moderately wounded.
Ijyb hits you but does no damage. Ijyb closely misses you.
Fire: 24 stones
Press: ? - help, Q - select action, (/) - cycle Shift-Dir - straight line, f/p - Ijyb
Aim: Ijyb, wielding a +2 dagger of freezing and wearing a +3 leather armour of willpower (moderately wounded, 47% to hit)
You shoot a stone. The stone barely misses Ijyb.
Ijyb hits you with a +2 dagger of freezing.
* * * LOW HITPOINT WARNING * * *
Ijyb freezes you.
* * * LOW HITPOINT WARNING * * *
Fire: 23 stones
Press: ? - help, Q - select action, (/) - cycle Shift-Dir - straight line, f/p - Ijyb
Aim: Ijyb, wielding a +2 dagger of freezing and wearing a +3 leather armour of willpower (moderately wounded, 47% to hit)
You shoot a stone. The stone closely misses Ijyb.
Ijyb hits you with a +2 dagger of freezing.
* * * LOW HITPOINT WARNING * * *
Ijyb freezes you.
* * * LOW HITPOINT WARNING * * *
Fire: 22 stones
Press: ? - help, Q - select action, (/) - cycle Shift-Dir - straight line, f/p - Ijyb
Aim: Ijyb, wielding a +2 dagger of freezing and wearing a +3 leather armour of willpower (moderately wounded, 47% to hit)
You shoot a stone. The stone closely misses Ijyb.
Ijyb screams, "No!
No, no, no, no!"
Ijyb barely misses you.
Ijyb hits you with a +2 dagger of freezing!
You die...

.........# #.#####..#
########.# ######....# ##.##
#..#......# #...## #..#......#
## #....######.....#..##
....#######...##..#..#....#..#
#...<........#..#.....######
##############.....#..#
#..#..@.#..#..#
#..#..g..###### #.....#..#
#.....#..# #$ #...###### #.
#..>...# #. #..#####
###.#######..##
..............#


You could see Ijyb.

Vanquished Creatures
  3 gnolls (D:2)
  2 adders
  A worm (D:2)
  A bat (D:2)
  4 endoplasms
  3 giant cockroaches (D:1)
  4 goblins
  2 hobgoblins
  2 jackals (D:1)
  2 kobolds (D:1)
  A ball python (D:1)
  A frilled lizard (D:2)
  A rat (D:3)
27 creatures vanquished.

Notes
Turn   | Place    | Note
-------+----------+-------------------------------------------
     0 | D:1      | pkoi the Demigod Conjurer began the quest for the Orb.
     0 | D:1      | Reached XP level 1. HP: 14/14 MP: 5/5
    58 | D:1      | Identified a scroll of acquirement
    58 | D:1      | Acquired the +3 sling "Punk" {acid, rCorr}
    58 | D:1      | Found the +3 sling "Punk" {acid, rCorr}
   289 | D:1      | Reached skill level 4 in Conjurations
   411 | D:1      | Reached XP level 2. HP: 20/20 MP: 4/7
   921 | D:2      | Reached XP level 3. HP: 26/26 MP: 8/8
   926 | D:2      | Reached skill level 1 in Slings
  1744 | D:3      | Noticed Ijyb
  1795 | D:3      | Slain by Ijyb

Illustrated notes

Levels and vault maps discovered:
D:1:      mainiacjoe_arrival_reflecting_pool, layout_rooms, minmay_misc_feat_chi
D:2:      layout_basic
D:3:      layout_loops_ring, dreamdust_ecumenical_altar_drowned_temple,
          minmay_misc_feat_more_columns, nrook_mini_vaults,
          hangedman_decor_push, uniq_ijyb

Skill      XL: |  1  2  3 |
---------------+----------+-----
Conjurations   | 4 |  4.9
Slings         | 1 |  1.4
Dodging        | |  1.7
Stealth        | |  1.7
Spellcasting   | |  1.7

Action                   || total
-------------------------++-------
 Fire: Fustibalus        ||    52
 Cast: Magic Dart        ||    23
  Use: Scroll            ||     1
Armor: Robe              ||     1
Dodge: Dodged            ||    17
